 Dungeon Crawl Stone Soup version 0.29-a0-973-gac7da5f7f0 (webtiles) character file.

Game seed: 3200555330970310571

14811 vurker the Martial Artist (level 12, -3/63 HPs)
             Began as a Vine Stalker Enchanter on July 31, 2022.
             Was a High Priest of Makhleb.
             Slain by a reaper
             ... wielding a +2 scythe of freezing
              (23 damage)
             ... in an ice cave.
             The game lasted 00:24:25 (12553 turns).

vurker the Martial Artist (Vine Stalker Enchanter) Turns: 12553, Time: 00:24:26

Health: -3/63      AC: 18    Str: 15    XL:     12   Next: 20%
Magic:  0/25       EV: 12    Int: 22    God:    Makhleb [*****.]
Gold:   864        SH: 10    Dex: 16    Spells: 15/15 levels left

rFire   + . .      SeeInvis .     - Unarmed
rCold   + + +      Faith    .   q - +0 kite shield
rNeg    . . .      Spirit   +   A - +3 ring mail "Xenaoz" {rC++ MP+9 Int+7}
rPois   .          Reflect  .   v - +1 helmet
rElec   .          Harm     .   (no cloak)
rCorr   .          Rampage  .   M - +1 pair of gloves of Fedhas's Hatred {rC+}
Will    +....                   (no boots)
Stlth   ++........              h - amulet of regeneration
HPRegen 1.80/turn               g - +4 ring of protection
MPRegen 0.19/turn               E - ring of protection from fire

@: no status effects
A: fangs 3, regeneration 1, magic shield, antimagic bite, no potion heal 2
a: Renounce Religion, Minor Destruction, Lesser Servant of Makhleb, Major
Destruction, Greater Servant of Makhleb


You were in an ice cave.
You worshipped Makhleb.
Makhleb was extremely pleased with you.
You visited 3 branches of the dungeon, and saw 15 of its levels.
You also visited: Sewer and Ice Cave.

You collected 864 gold pieces.

Inventory:

Hand Weapons
 a - a +4 short sword of venom
   (You took it off a kobold on level 1 of the Dungeon)
Missiles
 r - 2 throwing nets (quivered)
Armour
 q - a +0 kite shield (worn)
   (You took it off a gnoll sergeant on level 6 of the Dungeon)
 v - a +1 helmet (worn)
   (You found it on level 3 of the Dungeon)
 A - the +3 ring mail "Xenaoz" (worn) {rC++ MP+9 Int+7}
   (You found it on level 7 of the Dungeon)

   Int:       It affects your intelligence (+7).
   rC:        It greatly protects you from cold.
   MP:        It affects your magic capacity (+9).
 M - the +1 pair of gloves of Fedhas's Hatred (worn) {rC+}
   (You found it on level 9 of the Dungeon)

   rC:        It protects you from cold.
Jewellery
 e - a ring of flight
   (You found it on level 1 of the Dungeon)
 g - a +4 ring of protection (left hand)
   (You found it in an ice cave)
 h - an amulet of regeneration (around neck)
   (You found it on level 6 of the Dungeon)
 i - a ring of positive energy
   (You found it on level 8 of the Dungeon)
 E - a ring of protection from fire (right hand)
   (You found it on level 7 of the Dungeon)
 H - a +6 ring of strength
   (You found it on level 8 of the Dungeon)
 L - a ring of fire
   (You found it on level 10 of the Dungeon)
Wands
 l - a wand of charming (19)
   (You found it on level 6 of the Dungeon)
 t - a wand of flame (18)
   (You took it off an orc wizard on level 5 of the Dungeon)
 x - a wand of mindburst (11)
   (You found it in an ice cave)
 B - a wand of polymorph (7)
   (You found it on level 6 of the Dungeon)
 C - a wand of roots (3)
   (You took it off Duvessa on level 7 of the Dungeon)
 D - a wand of light (3)
   (You found it on level 7 of the Dungeon)
Scrolls
 c - 6 scrolls of fear
 f - 2 scrolls of butterflies
 n - 7 scrolls of teleportation
 p - 2 scrolls of poison
 s - a scroll of enchant weapon
 u - 2 scrolls of silence
 y - a scroll of summoning
 G - 2 scrolls of brand weapon
 I - 4 scrolls of enchant armour
 J - 2 scrolls of blinking
Potions
 b - 7 potions of flight
 d - 2 potions of cancellation
 j - a potion of resistance
 k - 6 potions of curing
 m - 2 potions of ambrosia {unknown}
 o - a potion of invisibility
 w - 2 potions of magic
 K - 2 potions of mutation
 N - a potion of might {unknown}


   Skills:
 + Level 7.4 Fighting
 - Level 0.8 Short Blades
 + Level 6.8 Armour
 + Level 7.1 Dodging
 - Level 3.6 Stealth
 + Level 5.6 Shields
 * Level 11.6 Unarmed Combat
 - Level 2.1 Spellcasting
 - Level 3.0 Hexes
 + Level 1.6 Invocations


You had 15 spell levels left.
You didn't know any spells.
Your spell library contained the following spells:

 Spells                   Type           Power      Damage    Failure   Level
 Ensorcelled Hibernation  Hex/Ice        16%        N/A       50%         2
 Confusing Touch          Hex            15%        N/A       52%         3
 Tukima's Dance           Hex            15%        N/A       52%         3
 Dazzling Flash           Conj/Hex       16%        N/A       73%         3
 Inner Flame              Hex/Fire       8%         N/A       73%         3
 Cause Fear               Hex            7%         N/A       89%         4
 Summon Forest            Summ/Tloc      1%         N/A       100%        5
 Summon Mana Viper        Hex/Summ       8%         N/A       100%        5
 Summon Cactus Giant      Summ           1%         N/A       100%        6
 Discord                  Hex            7%         N/A       100%        8


Dungeon Overview and Level Annotations

Branches:
Dungeon (13/15)            Temple (1/1) D:6            Lair (1/5) D:9
    Orc (0/2) D:10          Sewer (visited)           IceCv (1/1)
 Vaults: D:13-14

Altars:
Ashenzari
Cheibriados
Dithmenos
Elyvilon
Fedhas
Gozag
Hepliaklqana
Kikubaaqudgha
Makhleb
Nemelex Xobeh
Okawaru
Qazlal
Ru
Sif Muna
Trog
Uskayaw
Vehumet
Wu Jian
Xom
Yredelemnul
Zin
The Shining One

Shops:
D:4 *:*[   D:12 ?[

Annotations:
D:10 exclusion: orange crystal statue


Innate Abilities, Weirdness & Mutations

You have razor-sharp teeth.
Your natural rate of healing is unusually fast.
When hurt, damage is shared between your health and your magic reserves.
Your bite disrupts and absorbs the magic of your enemies.
Potions cannot restore your health.


Message History

There are monsters nearby!
You hit the entropy weaver simulacrum but do no damage.
Your bite misses the entropy weaver simulacrum.
The entropy weaver simulacrum closely misses you.
You block the entropy weaver simulacrum's attack. x2
The entropy weaver simulacrum closely misses you.
You closely miss the entropy weaver simulacrum.
You bite the entropy weaver simulacrum, but do no damage.
You block the polar bear simulacrum's attack. x2
The polar bear simulacrum claws you but does no damage.
You hit the entropy weaver simulacrum.
You bite the entropy weaver simulacrum, but do no damage.
The entropy weaver simulacrum hits you but does no damage. x2
The entropy weaver simulacrum hits you.
The entropy weaver simulacrum freezes you!
You resist.
The entropy weaver simulacrum hits you but does no damage.
The reaper hits you from afar with a +2 scythe of freezing!!!
* * * LOW HITPOINT WARNING * * *
The polar bear simulacrum bites you but does no damage.
The polar bear simulacrum barely misses you.
The polar bear simulacrum claws you.
* * * LOW HITPOINT WARNING * * *
The polar bear simulacrum freezes you. You resist.
* * * LOW HITPOINT WARNING * * *
The entropy weaver simulacrum attacks as you move away!
The entropy weaver simulacrum hits you but does no damage. x3
You block the entropy weaver simulacrum's attack.
You start resting.
A reaper is nearby!
You punch the reaper! You bite the reaper. You drain its power.
You feel invigorated. The reaper barely misses you.
You punch the reaper! Your bite misses the reaper.
The reaper closely misses you.
You completely miss the reaper. Your bite misses the reaper.
The reaper hits you but does no damage.
You hit the reaper but do no damage. You bite the reaper, but do no damage.
You block the reaper's attack.
You hit the reaper but do no damage. You bite the reaper, but do no damage.
The reaper completely misses you.
You hit the reaper but do no damage. Your bite misses the reaper.
You block the reaper's attack.
You hit the reaper.
The reaper hits you with a +2 scythe of freezing!!
* * * LOW HITPOINT WARNING * * *
The reaper freezes you.
* * * LOW HITPOINT WARNING * * *
You closely miss the reaper.
The reaper hits you with a +2 scythe of freezing!!
You die...

## ##.# ###
#Z.Z#### ##.##
|$#Z.Z.#.#
##.#.#
#...Z2Z#.##
##.#.##
#Z.#.## #.####
##.##2# #..##
#####@##
##...#
##..#.##
##..⌠.#
#......#
#.....##
##.##...#
##..#...#
#..##..)#
#..###..##
#.####.####.##
##..# #..#####
#..# ##.#
##..## ##..#
##.# #...#
#..## #.##


You could see a reaper.

Vanquished Creatures
  Gastronok (D:9)
  2 hydras
  A two-headed ogre (D:9)
  An ice statue (IceCv)
  A cane toad (Lair:1)
  A kobold demonologist (D:12)
  Psyche (D:9)
  An entropy weaver simulacrum (IceCv)
  A troll (D:9)
  Grinder (D:6)
  A hornet (D:7)
  Sigmund (D:2)
  A dire elephant simulacrum (IceCv)
  9 yaks
  A basilisk (D:12)
  2 wyverns
  A wraith (D:12)
  A harpy simulacrum (IceCv)
  7 vampire mosquitoes (D:12)
  Grum (D:8)
  A warg (D:10)
  Duvessa (D:7)
  2 black bears
  An ice beast (D:5)
  3 sky beasts
  6 orc warriors
  5 centaurs (D:12)
  6 wolves
  4 kobold brigands
  Blork the orc (D:6)
  4 bullfrogs
  A scorpion (D:5)
  A two-headed ogre simulacrum (IceCv)
  2 gnoll sergeants
  A cane toad simulacrum (IceCv)
  16 wights
  Dowan (D:7)
  6 killer bees (D:7)
  3 elephant simulacra (IceCv)
  2 electric eels (D:9)
  6 howler monkeys
  2 gnoll boudas
  13 hounds
  2 jellies (D:6)
  8 orc priests
  5 iguanas
  15 orc wizards
  A troll simulacrum (IceCv)
  3 spriggan simulacra (IceCv)
  19 gnolls
  14 adders
  2 naga simulacra (IceCv)
  3 river rats (Sewer)
  3 shadow imps
  15 white imps
  7 ufetubi
  3 worms (Sewer)
  2 dart slugs
  47 orcs
  11 bats
  7 endoplasms
  10 giant cockroaches
  7 goblins
  10 hobgoblins
  14 jackals
  17 kobolds
  10 quokkas
  7 ball pythons
  2 frilled lizards
  4 rats (D:1)
372 creatures vanquished.

Vanquished Creatures (others)
  3 gnolls (D:9)
3 creatures vanquished.

Grand Total: 375 creatures vanquished

Notes
Turn   | Place    | Note
-------+----------+-------------------------------------------
     0 | D:1      | vurker the Vine Stalker Enchanter began the quest for the
                  | Orb.
     0 | D:1      | Reached XP level 1. HP: 9/9 MP: 4/4
   162 | D:1      | Reached XP level 2. HP: 10/14 MP: 4/6
   327 | D:1      | Reached skill level 1 in Unarmed Combat
   730 | D:1      | Reached XP level 3. HP: 16/17 MP: 7/7
   906 | D:1      | Reached skill level 1 in Fighting
  1737 | D:2      | Reached skill level 1 in Armour
  1745 | D:2      | Reached skill level 2 in Unarmed Combat
  1814 | D:2      | Gained mutation: Your natural rate of healing is unusually
                  | fast. [Vine Stalker growth]
  1814 | D:2      | Reached XP level 4. HP: 12/22 MP: 8/8
  2250 | D:2      | Noticed Sigmund
  2278 | D:2      | Killed Sigmund
  2279 | D:2      | Reached skill level 3 in Unarmed Combat
  2279 | D:2      | Reached XP level 5. HP: 13/26 MP: 6/9
  2279 | D:2      | Reached XP level 6. HP: 15/30 MP: 6/10
  2714 | D:3      | Found a faded altar of an unknown god.
  2985 | D:4      | Found Atuicobi's General Store.
  2989 | D:4      | Found Pinovat's Assorted Antiques.
  2989 | D:4      | Found Xeumum's Book Emporium.
  2989 | D:4      | Found Fopyg's Antique Armour Emporium.
  3134 | D:4      | Reached skill level 4 in Unarmed Combat
  3309 | D:4      | Noticed a black bear
  3318 | D:4      | Killed a black bear
  3319 | D:4      | Reached XP level 7. HP: 26/35 MP: 6/11
  3692 | D:5      | Entered Level 5 of the Dungeon
  3876 | D:5      | Reached skill level 5 in Unarmed Combat
  4030 | D:5      | Found a glowing drain.
  4043 | Sewer    | Entered a sewer
  4246 | Sewer    | Gained mutation: You have razor-sharp teeth. [Vine Stalker
                  | growth]
  4246 | Sewer    | Reached XP level 8. HP: 17/40 MP: 1/12
  5114 | D:6      | Reached skill level 6 in Unarmed Combat
  5334 | D:6      | Noticed Blork the orc
  5340 | D:6      | Killed Blork the orc
  5456 | D:6      | Noticed Grinder
  5472 | D:6      | Paralysed by Grinder for 2 turns
  5480 | D:6      | Killed Grinder
  5481 | D:6      | Reached skill level 7 in Unarmed Combat
  5481 | D:6      | Reached XP level 9. HP: 42/46 MP: 11/13
  5553 | D:6      | Found a staircase to the Ecumenical Temple.
  5566 | Temple   | Entered the Ecumenical Temple
  5725 | Temple   | Became a worshipper of Makhleb the Destroyer
  6312 | D:7      | Noticed Duvessa
  6312 | D:7      | Noticed Dowan
  6330 | D:7      | Killed Duvessa
  6338 | D:7      | Killed Dowan
  6345 | D:7      | Reached skill level 1 in Shields
  6506 | D:7      | Reached * piety under Makhleb
  6562 | D:7      | Identified the +3 ring mail "Xenaoz" {rC++ MP+9 Int+7}
  6668 | D:7      | HP: 2/46 [killer bee (5)]
  6925 | D:7      | Reached skill level 5 in Fighting
  6933 | D:7      | Reached skill level 5 in Dodging
  6933 | D:7      | Reached skill level 8 in Unarmed Combat
  7202 | D:7      | Found a glowing golden altar of the Shining One.
  7202 | D:7      | Found an iron altar of Okawaru.
  7263 | D:7      | Noticed a hornet
  7268 | D:7      | Paralysed by a hornet for 1 turns
  7274 | D:7      | Killed a hornet
  7757 | D:8      | Reached XP level 10. HP: 50/51 MP: 14/14
  7866 | D:8      | Reached skill level 5 in Armour
  7951 | D:8      | Noticed Grum
  8210 | D:8      | Reached skill level 9 in Unarmed Combat
  8218 | D:8      | Killed Grum
  8361 | D:8      | Found an opulent altar of Gozag.
  8372 | D:8      | Reached ** piety under Makhleb
  8846 | D:9      | Noticed Gastronok
  8937 | D:9      | Killed Gastronok
  9024 | D:9      | Found a staircase to the Lair.
  9198 | D:9      | Identified the +11 sling "Cefuteg" {flame, Int+3}
  9227 | D:9      | Noticed Psyche
  9239 | D:9      | Killed Psyche
  9240 | D:9      | Reached skill level 10 in Unarmed Combat
  9240 | D:9      | Reached XP level 11. HP: 55/56 MP: 15/15
  9294 | D:9      | Noticed a two-headed ogre
  9307 | D:9      | Killed a two-headed ogre
  9583 | D:9      | Identified the +1 pair of gloves of Fedhas's Hatred {rC+}
  9626 | D:9      | Reached *** piety under Makhleb
  9773 | D:10     | Entered Level 10 of the Dungeon
 10172 | D:10     | Found a staircase to the Orcish Mines.
 10246 | D:10     | Noticed an orange crystal statue
 11424 | D:12     | Found Qylanyn's Magic Scroll Boutique.
 11523 | D:12     | Noticed a four-headed hydra
 11539 | D:12     | Killed a four-headed hydra
 11540 | D:12     | Reached skill level 5 in Shields
 11540 | D:12     | Reached skill level 11 in Unarmed Combat
 11756 | D:12     | Reached **** piety under Makhleb
 11822 | D:12     | Found Suteon's Antique Armour Boutique.
 12033 | Lair:1   | Entered Level 1 of the Lair of Beasts
 12062 | Lair:1   | Noticed a four-headed hydra
 12068 | Lair:1   | Reached XP level 12. HP: 54/63 MP: 16/16
 12088 | Lair:1   | Killed a four-headed hydra
 12089 | Lair:1   | Reached skill level 1 in Invocations
 12102 | Lair:1   | Found a frozen archway.
 12120 | IceCv    | Entered an ice cave
 12356 | IceCv    | Reached ***** piety under Makhleb
 12535 | IceCv    | Noticed a reaper
 12553 | IceCv    | Slain by a reaper

Illustrated notes

Levels and vault maps discovered:
D:1:      dpeg_arrival_houses_and_road, layout_loops_ring
D:2:      layout_basic, uniq_sigmund
D:3:      layout_basic, shapermc_ecumenical_altar_starsandcircs
D:4:      wander_river, layout_rooms, minmay_shop_grid_forest
D:5:      nicolae_cairo_tiling_large, layout_basic, portal_sewer_entry_f
D:6:      layout_loops_cross, minmay_temple_entry_grid, due_unseen_surprise,
          uniq_grinder, uniq_blork_the_orc
D:7:      layout_layer_cave, amethyst_overflow_temple_binary, uniq_duvessa
D:8:      layout_basic, nicolae_gozag_seed_capital, uniq_grum
D:9:      layout_loops_ring, erik_lair_island, uniq_gastronok, uniq_psyche
D:10:     layout_stronghold, david_orc_1_choice, minivault_16
D:11:     layout_basic
D:12:     layout_rooms, serial_shops, nicolae_stop_n_shop_2, kennysheep_mini
D:13:     layout_loops_ring
Temple:   nicolae_temple_bog_church
Lair:1:   layout_regular_city, basic_altar, portal_ice_cave_entry_imps,
          eino_small_chamber_without_monster, grunt_megastairs_3,
          infiniplex_staircase_pool_2, lemuel_fruit_tree, serial_bayou_shore_a
IceCv:    ice_cave_caverns_01

Skill      XL: |  1  2  3  4  5  6  7  8  9 10 11 12 |
---------------+-------------------------------------+-----
Unarmed Combat | 1 2 3 4 5 7 8 10 11 | 11.6
Fighting       | 1 2 3 4 5 6 7 |  7.4
Dodging        | 2 3 4 5 6 7 |  7.1
Armour         | 1 2 3 4 5 6 |  6.8
Shields        | 2 4 5 |  5.6
Invocations    | 1 |  1.6
Short Blades   | |  0.8
Stealth        | |  3.6
Spellcasting   | |  2.1
Hexes          | |  3.0

Action                   |  1- 3 |  4- 6 |  7- 9 | 10-12 || total
-------------------------+-------+-------+-------+-------++-------
Melee: Dagger            |    41 |       |       |       ||    41
       Bite              |    17 |    47 |   156 |   302 ||   522
       Short sword       |    62 |   162 |    52 |   213 ||   489
       Punch             |     2 |     4 |     6 |       ||    12
       Unarmed           |       |       |   497 |   607 ||  1104
Evoke: Wand              |       |       |       |     4 ||     4
  Use: Potion            |     1 |     1 |     4 |       ||     6
       Scroll            |       |       |    16 |     9 ||    25
 Stab: Sleeping          |     7 |       |       |     1 ||     8
       Invisible         |       |       |     1 |       ||     1
Armor: Robe              |    12 |       |       |       ||    12
       Scale mail        |    53 |    70 |    40 |       ||   163
       Chain mail        |       |       |   212 |       ||   212
       Ring mail         |       |       |    61 |   343 ||   404
Dodge: Dodged            |    83 |    61 |   229 |   423 ||   796
Block: Kite shield       |       |       |    90 |   441 ||   531

Table legend: (Time is in decaauts)
 A = Elapsed time spent in this place.
 B = Non-inter-level travel time spent in this place.
 C = Inter-level travel time spent in this place.
 D = Time resting spent in this place.
 E = Time spent auto-exploring this place.
 F = Levels seen in this place.
 G = Mean time per level.
                   A        B        C        D        E       F      G
               +--------+--------+--------+--------+--------+-----+--------+
         Total |  12584 |  12014 |    570 |    535 |   8280 |  17 |  740.2 |
       Dungeon |  11318 |  10811 |    507 |    532 |   7500 |  13 |  870.6 |
        Temple |    184 |    132 |     52 |      0 |    116 |   1 |  184.0 |
          Lair |     83 |     72 |     11 |      0 |      0 |   1 |   83.0 |
         Sewer |    571 |    571 |      0 |      0 |    386 |   1 |  571.0 |
      Ice Cave |    425 |    425 |      0 |      3 |    278 |   1 |  425.0 |
               +--------+--------+--------+--------+--------+-----+--------+

Top non-repeatable levels by time:
     D:7: 1757 daAuts
     D:1: 1698 daAuts
    D:10: 1242 daAuts
     D:9: 989 daAuts
     D:8: 900 daAuts
     D:5: 857 daAuts
     D:6: 824 daAuts
     D:2: 817 daAuts
     D:4: 668 daAuts
    D:12: 626 daAuts
   Sewer: 571 daAuts
     D:3: 519 daAuts
   IceCv: 425 daAuts
    D:11: 414 daAuts
  Temple: 184 daAuts
